 Dungeon Crawl Stone Soup version 0.28-a0-71-g84acfa7270 (webtiles) character file.

Game seed: 13404083867890219879

97 siradein the Chiller (level 4, -1/30 HPs)
             Began as a Merfolk Ice Elementalist on Aug 2, 2021.
             Killed by divine providence
             ... invoked by an orc priest
              (15 damage)
             ... on level 3 of the Dungeon.
             The game lasted 00:06:55 (2802 turns).

siradein the Chiller (Merfolk Ice Elementalist)     Turns: 2802, Time: 00:06:57

Health: -1/30      AC:  2    Str:  8    XL:     4   Next: 68%
Magic:  15/18      EV: 12    Int: 15    God:
Gold:   56         SH:  0    Dex: 14    Spells: 2/9 levels left

rFire   . . .      SeeInvis .   (no weapon)
rCold   . . .      Faith    .   (no shield)
rNeg    . . .      Spirit   .   a - +0 robe
rPois   .          Reflect  .   (no helmet)
rElec   .          Harm     .   (no cloak)
rCorr   .          Rampage  .   (no gloves)
Will    .....                   (no boots)
Stlth   ++........              (no amulet)
HPRegen 0.10/turn               c - ring of magical power
MPRegen 0.16/turn               (no ring)

@: freezing walls
A: (nimble swimmer 2), mertail
a: no special abilities


You were on level 3 of the Dungeon.
You visited 1 branch of the dungeon, and saw 3 of its levels.

You collected 56 gold pieces.

Inventory:

Armour
 a - a +0 robe (worn)
Jewellery
 c - a ring of magical power (left hand)
Scrolls
 b - 2 scrolls of teleportation {unknown}
 d - a scroll of noise {unknown}
 g - a scroll of vulnerability {unknown}
 h - a scroll of identify {unknown}
 k - a scroll of amnesia {unknown}
Potions
 e - 3 potions of flight {unknown}
 f - a potion of curing {unknown}
 i - a potion of lignification {unknown}
 j - a potion of attraction {unknown}


   Skills:
 - Level 2.6 Dodging
 - Level 2.1 Stealth
 + Level 3.4 Spellcasting
 + Level 5.5 Ice Magic


You had 2 spell levels left.
You knew the following spells:

 Your Spells              Type           Power      Damage    Failure   Level
a - Freeze                Ice            76%        1d9       1%          1
b - Frozen Ramparts       Ice            38%        1d5       6%          3
c - Ozocubu's Armour      Ice            19%        N/A       6%          3

Your spell library contained the following spells:

 Spells                   Type           Power      Damage    Failure   Level
 Conjure Flame            Conj/Fire      2%         6-21      50%         3
 Ignite Poison            Fire/Tmut/Pois 2%         N/A       50%         3
 Hailstorm                Conj/Ice       10%        3d5       52%         4
 Animate Dead             Necr           1%         N/A       88%         4
 Sticky Flame             Conj/Fire      2%         2d3       88%         4
 Haunt                    Necr/Summ      1%         N/A       100%        7
 Infestation              Necr           1%         N/A       100%        8


Dungeon Overview and Level Annotations

Branches:
Dungeon (3/15)

Altars:
Qazlal

Shops:
D:1 [


Innate Abilities, Weirdness & Mutations

((You are quick and stealthy near water. (Stealth+, EV+, Speed+++)))
Your lower body shifts to a powerful aquatic tail in water.


Message History

Found a club.
You see here a +0 club.
An orc comes into view. It is wielding a +0 dagger.
An orc is nearby!
An orc is nearby!
An orc is nearby!
An orc is nearby!
An orc is nearby!
An orc is nearby!
Okay, then.
An orc comes into view. It is wielding a +0 hand axe.
The orc shouts! x2
An orc priest comes into view. It is wielding a +0 morningstar.
An orc priest comes into view. It is wielding a +0 dagger.
You closely miss the orc priest.
The orc priest shouts! x2
The orc priest looks satisfied for a moment.
Casting: Freeze (safe; 1% risk of failure)
Confirm with . or Enter, or press ? or * to list all spells.
Casting: Frozen Ramparts (dangerous; 6% risk of failure)
Press: ? - help, Dir - look around, f - activate The walls around you are covered in ice.
The wall freezes the orc priest.
The orc priest calls down the wrath of Beogh upon you.
Beogh smites you!
Ouch! That really hurt!
The wall freezes the orc priest.
The orc priest barely misses you.
The wall freezes the orc. x2
The wall freezes the orc priest. x2
The orc priest calls upon Beogh to heal the orc.
The orc's wounds heal themselves!
The wall freezes the orc.
You kill the orc!
The wall freezes the orc.
The wall freezes the orc priest.
You kill the orc priest!
The wall freezes the orc priest.
The orc priest calls down the wrath of Beogh upon you.
Beogh smites you!
Ouch! That really hurt!
You die...

### ### ### ######.##
#.#########.# #####......#..
#..#........#
.......###.#.#.#.##.######)#
#####..# #.#.)oo@...# #.#
#..###.###############.#
#......................#
#####..........###########.#
...#######.....#### #.#
........##.......... ###
...##...............
)..##......#.........
...##................


You could see an orc priest and an orc.

Vanquished Creatures
  An orc priest (D:3)
  3 adders
  A worm (D:3)
  3 dart slugs
  An orc (D:3)
  2 endoplasms
  4 hobgoblins
  15 jackals
  8 kobolds
  3 quokkas
  3 ball pythons
  3 bats
  A frilled lizard (D:2)
  5 goblins
53 creatures vanquished.

Notes
Turn   | Place    | Note
-------+----------+-------------------------------------------
     0 | D:1      | siradein the Merfolk Ice Elementalist began the quest for
                  | the Orb.
     0 | D:1      | Reached XP level 1. HP: 13/13 MP: 3/3
   354 | D:1      | Found a faded altar of an unknown god.
   411 | D:1      | Reached XP level 2. HP: 16/19 MP: 5/5
   914 | D:1      | Found Atzyrol's Armour Boutique.
  1188 | D:2      | Reached XP level 3. HP: 21/24 MP: 6/6
  1193 | D:2      | Reached skill level 5 in Ice Magic
  1400 | D:2      | Learned a level 3 spell: Frozen Ramparts
  1404 | D:2      | Learned a level 3 spell: Ozocubu's Armour
  1639 | D:2      | Reached XP level 4. HP: 27/30 MP: 8/8
  2473 | D:3      | Found a stormy altar of Qazlal.
  2802 | D:3      | Killed from afar by an orc priest

Illustrated notes

Levels and vault maps discovered:
D:1:      mainiacjoe_arrival_reflecting_pool, layout_basic, serial_shops, shop,
          ebering_ecumenical_altar_sacrificial, st_stairs_2
D:2:      minmay_alternating_diamond, layout_loops_corners, kennysheep_doodads,
          chequers_serial_rivers_large_a
D:3:      layout_basic, mainiacjoe_overflow_24_doors

Skill      XL: |  1  2  3 |
---------------+----------+-----
Ice Magic      | 5 |  5.5
Spellcasting   | 3 |  3.4
Dodging        | |  2.6
Stealth        | |  2.1

Action                   |  1- 3 |  4- 6 || total
-------------------------+-------+-------++-------
Melee: Unarmed           |     3 |     3 ||     6
 Cast: Freeze            |    55 |    17 ||    72
       Frozen Ramparts   |     3 |     2 ||     5
Armor: Robe              |     9 |       ||     9
Dodge: Dodged            |    58 |    14 ||    72

Table legend: (Time is in decaauts)
 A = Elapsed time spent in this place.
 B = Non-inter-level travel time spent in this place.
 C = Inter-level travel time spent in this place.
 D = Time resting spent in this place.
 E = Time spent auto-exploring this place.
 F = Levels seen in this place.
 G = Mean time per level.
                   A        B        C        D        E       F      G
               +--------+--------+--------+--------+--------+-----+--------+
         Total |   2789 |   2729 |     60 |      5 |   2447 |   3 |  929.7 |
       Dungeon |   2789 |   2729 |     60 |      5 |   2447 |   3 |  929.7 |
               +--------+--------+--------+--------+--------+-----+--------+

Top non-repeatable levels by time:
     D:2: 1109 daAuts
     D:1: 1064 daAuts
     D:3: 614 daAuts
